 Dungeon Crawl Stone Soup version 0.28.0-49-g6dfe1f597d (webtiles) character file.

Game seed: 18003110756630807542

669 Zeld the Chiller (level 7, -4/50 HPs)
             Began as a Ghoul Ice Elementalist on May 13, 2022.
             Splashed by a jelly's acid (7 damage)
             ... on level 5 of the Dungeon.
             The game lasted 00:05:56 (4710 turns).

Zeld the Chiller (Ghoul Ice Elementalist)           Turns: 4710, Time: 00:05:57

Health: -4/50      AC: -4    Str: 15    XL:     7   Next: 58%
Magic:  6/12       EV: 12    Int: 12    God:
Gold:   170        SH:  0    Dex:  9    Spells: 4/15 levels left

rFire   . . .      SeeInvis .   a - +11 dagger of the Purse {elec, rC++ Str+3 Stlth+}
rCold   + + +      Faith    .   (no shield)
rNeg    + + +      Spirit   .   f - +0 robe
rPois   ∞          Reflect  .   (no helmet)
rElec   .          Harm     .   (no cloak)
rCorr   .          Rampage  .   n - +0 pair of gloves
Will    .....                   i - +0 pair of boots
Stlth   +++.......              (no amulet)
HPRegen 0.00/turn               (no ring)
MPRegen 0.13/turn               (no ring)

@: corroded, inhibited regen
A: claws 1, cold resistance 1, negative energy resistance 3, inhibited
regeneration, torment resistance 2
a: no special abilities


You were on level 5 of the Dungeon.
You visited 1 branch of the dungeon, and saw 5 of its levels.
You also visited: Ossuary.

You collected 170 gold pieces.

Inventory:

Hand Weapons
 a - the +11 dagger of the Purse (weapon) {elec, rC++ Str+3 Stlth+}
   (You found it on level 2 of the Dungeon)

   It occasionally discharges a powerful burst of electricity upon striking a
   foe.
   Str:       It affects your strength (+3).
   rC:        It greatly protects you from cold.
   Stlth:     It makes you more stealthy.
Armour
 f - a +0 robe (worn)
 i - a +0 pair of boots (worn)
 n - a +0 pair of gloves (worn)
Jewellery
 s - an amulet of reflection
Wands
 q - a wand of flame (15)
Scrolls
 b - a scroll of enchant weapon {unknown}
 d - a scroll of immolation {unknown}
 e - a scroll of magic mapping {unknown}
 h - 3 scrolls of teleportation {unknown}
 k - 2 scrolls of enchant armour {unknown}
 m - 2 scrolls of noise {unknown}
 p - a scroll of identify {unknown}
 r - a scroll of fog {unknown}
Potions
 c - 3 potions of degeneration {unknown}
 g - a potion of mutation {unknown}
 j - a potion of might {unknown}
 l - 2 potions of curing {unknown}
 o - a potion of brilliance {unknown}
 t - 2 potions of haste {unknown}


   Skills:
 + Level 3.6 Dodging
 - Level 2.1 Stealth
 * Level 4.5 Spellcasting
 * Level 7.1 Ice Magic


You had 4 spell levels left.
You knew the following spells:

 Your Spells              Type           Power      Damage    Failure   Level
a - Freeze                Ice            76%        1d9       1%          1
b - Frozen Ramparts       Ice            38%        1d5       3%          3
c - Ozocubu's Armour      Ice            19%        N/A       3%          3
d - Hailstorm             Conj/Ice       11%        3d5       43%         4

Your spell library contained the following spells:

 Spells                   Type           Power      Damage    Failure   Level


Dungeon Overview and Level Annotations

Branches:
Dungeon (5/15)            Ossuary (visited)
 Temple: D:4-7

Altars:


Innate Abilities, Weirdness & Mutations

You thrive by killing the living.
You are immune to poison.
You have sharp fingernails.
Your flesh is cold resistant. (rC+)
You are immune to negative energy. (rN+++)
You do not regenerate when monsters are visible.
You are immune to unholy pain and torment.


Message History

Aiming: Freeze (safe; 1% risk of failure)
Press: ? - help, Shift-Dir - straight line, f/p - orc priest
Aim: an orc priest, wielding a +0 short sword and wearing a +0 leather armour (heavily wounded)
You freeze the orc priest.
The orc priest is severely wounded.
The jelly hits you.
You are splashed with acid!
The wall freezes the orc warrior.
The orc warrior hits you from afar with a +0 halberd!
The wall freezes the orc priest.
The orc priest barely misses you.
The wall freezes the orc.
You kill the orc!
Casting: Freeze (safe; 1% risk of failure)
Confirm with . or Enter, or press ? or * to list all spells.
Aiming: Freeze (safe; 1% risk of failure)
Press: ? - help, Shift-Dir - straight line, f/p - orc priest
Aim: an orc priest, wielding a +0 short sword and wearing a +0 leather armour (almost dead)
You freeze the orc priest!
You kill the orc priest!
The wall freezes the orc warrior.
The orc warrior hits you from afar with a +0 halberd!
* * * LOW HITPOINT WARNING * * *
The jelly closely misses you.
Casting: Freeze (safe; 1% risk of failure)
Confirm with . or Enter, or press ? or * to list all spells.
Aiming: Freeze (safe; 1% risk of failure)
Press: ? - help, Shift-Dir - straight line, f - jelly
Aim: a jelly You freeze the jelly.
The jelly is lightly wounded.
The wall freezes the orc warrior.
The orc warrior closely misses you. The jelly hits you.
* * * LOW HITPOINT WARNING * * *
The acid corrodes you!
You are splashed with acid!
* * * LOW HITPOINT WARNING * * *
Your frozen ramparts will break if you move.
Continue?
The frozen ramparts melt away as you move.
The orc warrior misses you. The jelly hits you.
* * * LOW HITPOINT WARNING * * *
The acid corrodes you!
You are splashed with acid!
You die...

.... ........#......#
...... #...............
......#............... ##
#....#...............
.#.####..##...............
.........#........#.......
.....#............##......
.....#............#.......
...<....J@#..........##...
.......)).##......#....###
#$....o####......##.....#
#.......# ##...........##
#...#...# #............#
#... #.o.# #........#####
##. ..#.. ........# # ...
#..##....... ### ## .....


You could see an orc warrior and a jelly.

Vanquished Creatures
  A steam dragon (D:4)
  A centaur (D:5)
  A phantom (D:5)
  A kobold brigand (D:4)
  An orc priest (D:5)
  A centaur skeleton (D:3)
  A hound (D:4)
  An orc wizard (D:2)
  2 mummies (D:4)
  3 gnolls (D:4)
  4 adders
  An ufetubus (D:4)
  An adder skeleton (D:2)
  3 dart slugs
  10 orcs
  6 ball pythons
  4 bats
  A bat skeleton (D:2)
  A bat zombie (D:2)
  12 endoplasms
  2 giant cockroaches
  6 goblins
  6 hobgoblins
  7 jackals
  7 kobolds
  3 quokkas
  4 frilled lizards
  6 rats
97 creatures vanquished.

Vanquished Creatures (others)
  An orc (D:2)
  9 plants (D:4)
  A withered plant (D:2)
11 creatures vanquished.

Grand Total: 108 creatures vanquished

Notes
Turn   | Place    | Note
-------+----------+-------------------------------------------
     0 | D:1      | Zeld the Ghoul Ice Elementalist began the quest for the
                  | Orb.
     0 | D:1      | Reached XP level 1. HP: 14/14 MP: 2/2
   465 | D:1      | Reached XP level 2. HP: 14/20 MP: 0/4
  1038 | D:1      | Reached XP level 3. HP: 25/26 MP: 3/5
  1042 | D:1      | Learned a level 3 spell: Frozen Ramparts
  1665 | D:2      | Reached skill level 5 in Ice Magic
  1670 | D:2      | Reached XP level 4. HP: 33/33 MP: 0/7
  1677 | D:2      | Learned a level 3 spell: Ozocubu's Armour
  1810 | D:2      | Identified the +11 dagger of the Purse {elec, rC++ Str+3
                  | Stlth+}
  2554 | D:3      | Reached XP level 5. HP: 28/38 MP: 8/8
  3571 | D:4      | Noticed a steam dragon
  3610 | D:4      | Killed a steam dragon
  3610 | D:4      | HP: 1/38 [something (5)]
  3611 | D:4      | Reached skill level 6 in Ice Magic
  3611 | D:4      | Reached XP level 6. HP: 2/45 MP: 0/10
  3922 | D:4      | Found a sand-covered staircase.
  3930 | Ossuary  | Entered an ossuary
  3960 | D:4      | Reached XP level 7. HP: 25/50 MP: 7/12
  3986 | D:4      | Learned a level 4 spell: Hailstorm
  4445 | D:5      | Entered Level 5 of the Dungeon
  4618 | D:5      | Reached skill level 7 in Ice Magic
  4710 | D:5      | Splashed by a jelly's acid

Illustrated notes

Levels and vault maps discovered:
D:1:      amcnicky_arrival_underground_garden, layout_basic,
          hangedman_feature_mirror
D:2:      layout_basic, serial_undead, serial_undead_c, serial_undead_e,
          serial_undead_e, serial_undead_e
D:3:      layout_loops_corners
D:4:      layout_basic, enter_ossuary_1, serial_bayou_lake_a
D:5:      layout_cave_pools

Skill      XL: |  1  2  3  4  5  6  7 |
---------------+----------------------+-----
Spellcasting   | 2 3 4 |  4.5
Dodging        | 2 3 |  3.6
Ice Magic      | 5 6 7 |  7.1
Stealth        | |  2.1

Action                   |  1- 3 |  4- 6 |  7- 9 || total
-------------------------+-------+-------+-------++-------
Melee: Unarmed           |    36 |     1 |       ||    37
       Dagger            |       |    69 |    16 ||    85
       Punch             |       |     1 |       ||     1
 Cast: Freeze            |    41 |    14 |     6 ||    61
       Frozen Ramparts   |     1 |     5 |     3 ||     9
       Ozocubu's Armour  |       |     1 |       ||     1
 Stab: Sleeping          |     1 |     6 |       ||     7
Armor: Robe              |    16 |    46 |     7 ||    69
Dodge: Dodged            |    40 |    83 |    18 ||   141
